 Dungeon Crawl Stone Soup version 0.30.1-9-gdf580d7c3d (webtiles) character file.

Game seed: 9718921643486148943

88 Peloso the Covered (level 4, 0/40 HPs)
             Began as a Minotaur Fighter on Oct 5, 2023.
             Killed by nerve-wracking pain
             ... invoked by an orc priest
              (13 damage)
             ... on level 3 of the Dungeon.
             The game lasted 00:02:32 (1109 turns).

Peloso the Covered (Minotaur Fighter)               Turns: 1109, Time: 00:02:33

Health: 0/40       AC:  8    Str: 27    XL:     4   Next: 30%
Magic:  3/3        EV:  9    Int:  5    God:
Gold:   123        SH:  8    Dex: 11    Spells: 3/3 levels left

rFire   . . .        a - +0 long sword
rCold   . . .        d - +0 kite shield
rNeg    . . .        b - +0 scale mail
rPois   .            (helmet restricted)
rElec   .            (no cloak)
rCorr   .            (no gloves)
SInv    .            n - +0 pair of boots
Will    .....        (no amulet) Stlth
                     k - +6 ring of strength
HPRegen 0.26/turn    (no ring)
MPRegen 0.08/turn

%: no passive effects
@: no status effects
A: horns 2, retaliatory headbutt
a: no special abilities


You were on level 3 of the Dungeon.
You visited 1 branch of the dungeon, and saw 3 of its levels.

You collected 123 gold pieces.

Inventory:

Hand Weapons
 a - a +0 long sword (weapon)
Armour
 b - a +0 scale mail (worn)
 c - a +0 buckler
 d - a +0 kite shield (worn)
 n - a +0 pair of boots (worn)
Jewellery
 k - a +6 ring of strength (left hand)
Scrolls
 e - a scroll of immolation
 f - a scroll of fear {unknown}
 g - a scroll of fog {unknown}
 i - a scroll of enchant weapon
 j - a scroll of blinking {unknown}
 l - a scroll of teleportation {unknown}
 o - a scroll of brand weapon {unknown}
Potions
 h - 2 potions of might
 m - a potion of brilliance
 p - a potion of curing {unknown}


   Skills:
 + Level 4.1 Fighting
 + Level 3.7 Long Blades
 + Level 4.5 Armour
 + Level 0.5 Dodging
 + Level 4.2 Shields


You had 3 spell levels left.
You didn't know any spells.
Your spell library contained the following spells:

 Spells                   Type           Power      Damage    Failure   Level
 Necrotise                Necr           0%         1d4       92%         1
 Vampiric Draining        Necr           0%         2d6       100%        3
 Agony                    Necr           0%         N/A       100%        5


Dungeon Overview and Level Annotations

Branches:
Dungeon (3/15)

Altars:


Innate Abilities, Weirdness & Mutations

You have a pair of horns on your head.
You reflexively headbutt those who attack you in melee.


Message History

The jackal bites you.
Unknown command.
You closely miss the orc priest.
The jackal bites you but does no damage. x2
The orc priest hits you but does no damage.
You block the jackal's attack. The jackal bites you.
The orc priest hits you with a +0 flail.
Unknown command.
You hit the orc priest. Your headbutt misses the orc priest.
The orc priest is heavily wounded.
The jackal bites you but does no damage.
The jackal completely misses you.
The orc priest hits you but does no damage.
The jackal bites you but does no damage.
The jackal barely misses you.
You hit the orc priest but do no damage.
Your headbutt misses the orc priest.
The orc priest is heavily wounded.
You block the jackal's attack. x2
The orc priest hits you but does no damage.
The jackal bites you but does no damage. x2
Unknown command.
You hit the orc priest. Your headbutt misses the orc priest.
The orc priest is severely wounded.
The orc priest closely misses you. The jackal bites you. x2
The orc priest hits you with a +0 flail.
* * * LOW HITPOINT WARNING * * *
You block the jackal's attack.
The jackal bites you but does no damage.
You barely miss the orc priest.
The orc priest is severely wounded.
The jackal barely misses you. You block the jackal's attack.
The orc priest hits you but does no damage.
The jackal barely misses you. You block the jackal's attack.
Unknown command.
You hit the orc priest. Your headbutt misses the orc priest.
The orc priest is almost dead.
The orc priest mumbles some strange prayers to Beogh against you.
Pain shoots through your body!
You die...

≈≈§. #.....# §...+### #.....#
##...... #.....# ........
........##..^..# #......
.........#.....# #......
.........#....w# #......
.........#...oh##########......
.............h@................
.....o.....####................
............###..........##'##.
.............##..........##.##.
...........#.##.............##.
###........#..#...........####.
#........##.'................
#........####................
#........# #.###..####......


You could see an orc priest, a dart slug and 2 jackals.

Vanquished Creatures
  5 adders
  A worm (D:2)
  2 dart slugs (D:2)
  2 orcs (D:3)
  3 endoplasms
  4 giant cockroaches
  A goblin (D:2)
  2 hobgoblins (D:1)
  2 jackals (D:3)
  3 kobolds
  4 ball pythons
  3 bats
  3 frilled lizards
  2 rats (D:1)
37 creatures vanquished.

Notes
Turn   | Place    | Note
-------+----------+-------------------------------------------
     0 | D:1      | Peloso the Minotaur Fighter began the quest for the Orb.
     0 | D:1      | Reached XP level 1. HP: 19/19 MP: 0/0
   148 | D:1      | Reached XP level 2. HP: 27/27 MP: 1/1
   221 | D:1      | Found a faded altar of an unknown god.
   467 | D:2      | Reached XP level 3. HP: 33/33 MP: 2/2
   640 | D:2      | Reached XP level 4. HP: 32/40 MP: 3/3
  1109 | D:3      | Killed from afar by an orc priest

Illustrated notes

Levels and vault maps discovered:
D:1:      dpeg_arrival_arbitrary_a, layout_rooms, ebering_ecumenical_altar_ruins
D:2:      minmay_wonky_spiral, layout_basic
D:3:      layout_basic, mainiacjoe_overflow_brackets

Skill      XL: |  1  2 |
---------------+-------+-----
Armour         | 4 |  4.5
Fighting       | 4 |  4.1
Long Blades    | 3 |  3.7
Shields        | 4 |  4.2
Dodging        | |  0.5

Action                     |  1- 3 |  4- 6 || total
---------------------------+-------+-------++-------
  Melee: Long sword        |    71 |    35 ||   106
         Headbutt          |     8 |     3 ||    11
    Use: Potion            |     2 |       ||     2
         Scroll            |       |     3 ||     3
 Armour: Scale mail        |    50 |    29 ||    79
  Dodge: Dodged            |    27 |    23 ||    50
  Block: Buckler           |     3 |       ||     3
         Kite shield       |    31 |    22 ||    53
